cohdb
Replays
Latest Replays
All Replays
Popular Replays
Top Player Replays
Match Explorer
How It Works
Community
CoH3 Stats
Reddit
Sign in to upload your games and track your stats! →
Sign in with Steam
Match 44958967
Unlisted
Match 44958967
Overview
Messages
Build Orders
End
Construct Infanterie Kompanie
Selects Luftwaffe Battlegroup
Selects Luftwaffe Pioneer Support
Fallschirmpioneer Squad Paradrop
MG 42 Machine Gun Team
MG 42 Machine Gun Team
Construct Luftwaffe Kompanie
Selects Stuka Strafing Run
GrW 34 Mortar Team
MG 42 Bunker
Selects Fallschirmjäger Squad Paradrop
Support Elements
Stuka Strafing Run
Wirbelwind Flakpanzer
Stuka Strafing Run
Luftwaffe Officer Quarters
Joraad
derpy
Wretched-White-Water
OthTags
还可以
BRANDON94
0
0
Comments
sign in to comment!
No comments posted yet!